 Dungeon Crawl Stone Soup version bcrawl-1.36.2 (webtiles) character file.

Game seed: 7724950854321330698

171624 Morbidden the Sneak (level 6, -1/36 HPs)
             Began as a Skeleton Archaeologist on May 18, 2022.
             Killed by divine providence
             ... invoked by an orc priest
              (6 damage)
             ... on level 4 of the Dungeon.
             The game lasted 00:03:41 (3639 turns).

Morbidden the Sneak (Skeleton Archaeologist)        Turns: 3639, Time: 00:03:41

Health: -1/36      AC: 14    Str: 17      XL:     6   Next: 51%
Magic:  0/9        EV:  7    Int: 14 (15) God:
Gold:   215        SH:  0    Dex:  7      Spells: 10/10 levels left

rFire    . . .     SeeInvis .   a - +1 mace (venom)
rCold    + . .     Gourm    .   (no shield)
rNeg     + + +     Faith    .   q - +0 plate armour
rPois    ∞         Spirit   +   d - +1 hat
rElec    .         Reflect  .   (no cloak)
rCorr    .                      (no gloves)
MR       .....                  e - +1 pair of boots
Stlth    ..........             (no amulet)
HPRegen  0.12/turn              (no ring)
MPRegen  0.11/turn              (no ring)

@: studying Fighting
A: no food or potions, cold resistance 1, deterioration 1, negative energy
resistance 3, powered by death 1, torment resistance, unbreathing, magic shield,
sturdy frame 1, spell healing
a: no special abilities


You were on level 4 of the Dungeon.
You were not hungry.

You visited 1 branch of the dungeon, and saw 4 of its levels.

You collected 215 gold pieces.

Inventory:

Hand Weapons
 a - a +1 mace of venom (weapon)
 b - a +0 blowgun
 k - a +3 flail
Missiles
 f - 6 curare-tipped needles
Armour
 d - a +1 hat (worn)
 e - a +1 pair of boots (worn)
 h - a +0 pair of gloves
 q - a +0 plate armour (worn)
 r - the cursed +1 leather armour of Omission {Str+3 Slay+4, unknown}
   (You found it on level 4 of the Dungeon)

   It affects your strength (+3).
   It affects your accuracy and damage with ranged weapons and melee attacks
   (+4).
   It has a curse placed upon it.
Jewellery
 c - an uncursed ring of poison resistance {unknown}
Scrolls
 g - 2 scrolls of magic mapping
 i - a scroll of identify
 j - a scroll of enchant armour {unknown}
 l - 4 scrolls of teleportation {unknown}
 m - a scroll of fear {unknown}
 n - 3 scrolls of immolation {unknown}
 o - 3 scrolls of enchant weapon {unknown}
 p - a scroll of noise {unknown}


   Skills:
 * Level 2.8 Fighting
 * Level 4.5 Maces & Flails
 * Level 3.0 Armour
 * Level 3.8 Dodging
 + Level 4.7 Stealth
 * Level 2.5 Spellcasting


You had 10 spell levels left.
You didn't know any spells.
Your spell library was empty.

Dungeon Overview and Level Annotations

Branches:
Dungeon (4/12)
 Temple: D:4-7

Altars:
Dithmenos
Qazlal


Innate Abilities, Weirdness & Mutations

You do not eat or drink.
You are immune to poison.
Your flesh is cold resistant. (rC+)
Your body sometimes deteriorates upon taking damage.
You are immune to negative energy. (rN+++)
You regenerate a little health from kills.
You are immune to unholy pain and torment.
You can survive without breathing.
When hurt, damage is shared between your health and your magic reserves.
Your movements are slightly less encumbered by armour. (ER -2)
Casting spells heals you.


Message History

You hit the ogre.
The ogre is poisoned.
The ogre is lightly wounded.
The ogre hits you with a +0 giant club!
Your body deteriorates!
You feel dopey.
No path to travel!
You are too injured to fight recklessly!
No path to travel!
The ogre barely misses you.
The ogre looks more healthy.
Your plate armour prevents you from hitting the ogre.
The ogre is severely wounded.
The ogre hits you with a +0 giant club!!
Ouch! That really hurt!
* * * LOW HITPOINT WARNING * * *
No path to travel!
There is a stone staircase leading up here.
The orc priest hits you but does no damage.
The orc priest invokes the aid of Beogh against you.
Beogh smites you!
You die...

##.........<.....
..............## #....
........## #...##.........#
### ##......##......
##.###...............
##...##.o.............
######....#..##..##..##....
#...#.....@O.###o.### ###..
#......#...o####....# ##..
#......##...###..#.## ##§..
##.##..#.##...o###..###....
#..#...# #....##....#.§...
##.#.<..###....##....§§....
#.###...##.......!........_
#.###..##.##..#......§.§§§.
##.##..#.....####....#§§.§.


You could see an ogre, an orc priest and an orc.

Vanquished Creatures
  2 scorpions
  A howler monkey (D:4)
  An iguana (D:4)
  4 worker ants
  4 gnolls (D:4)
  2 adders
  2 worms (D:2)
  2 dart slugs (D:3)
  A leopard gecko (D:2)
  3 bats
  A giant cockroach (D:1)
  5 goblins
  7 hobgoblins
  14 jackals
  4 quokkas
  4 frilled lizards
  13 kobolds
  6 rats (D:1)
76 creatures vanquished.

Notes
Turn   | Place    | Note
-------+----------+-------------------------------------------
     0 | D:1      | Morbidden the Skeleton Archaeologist began the quest for
                  | the Orb.
     0 | D:1      | Reached XP level 1. HP: 12/12 MP: 1/1
   177 | D:1      | Reached XP level 2. HP: 16/16 MP: 2/2
  1403 | D:2      | Reached XP level 3. HP: 13/20 MP: 1/4
  1537 | D:2      | Reached skill level 1 in Spellcasting
  2219 | D:3      | Reached XP level 4. HP: 23/25 MP: 3/5
  2249 | D:3      | Reached skill level 1 in Armour
  2373 | D:3      | Reached XP level 5. HP: 28/29 MP: 5/7
  2373 | D:3      | Identified a scroll of acquirement
  2375 | D:3      | Identified the +0 hat of Yredelemnul {Int+5 Stlth+} (You
                  | acquired it on level 3 of the Dungeon)
  2489 | D:3      | Found a stormy altar of Qazlal.
  2983 | D:4      | Found a shadowy altar of Dithmenos.
  3384 | D:4      | Gained mutation: You regenerate a little health from kills.
                  | [Skeleton growth]
  3384 | D:4      | Reached XP level 6. HP: 35/35 MP: 9/9
  3452 | D:4      | Got a jewelled leather armour
  3639 | D:4      | Killed from afar by an orc priest

Skill      XL: |  1  2  3  4  5  6 |
---------------+-------------------+-----
Stealth        | 4 |  4.7
Spellcasting   | 1 2 |  2.5
Maces & Flails | 2 3 4 |  4.5
Armour         | 1 2 3 |  3.0
Fighting       | 2 |  2.8
Dodging        | |  3.8

Action                   |  1- 3 |  4- 6 || total
-------------------------+-------+-------++-------
Melee: Mace              |   141 |   100 ||   241
  Use: Scroll            |     1 |     1 ||     2
 Stab: Sleeping          |     5 |       ||     5
Armor: Robe              |    26 |       ||    26
       Plate armour      |    58 |    71 ||   129
Dodge: Dodged            |    79 |    37 ||   116
